 Dungeon Crawl Stone Soup version 0.21-a0-286-g6fcecc0 (webtiles) character file.

2779 tidbits the Fighter (level 9, -1/84 HPs)
             Began as a White Draconian Necromancer on Sept 25, 2017.
             Was a Priest of Cheibriados.
             Slain by a centaur warrior (5 damage)
             ... on level 6 of the Dungeon.
             The game lasted 00:31:18 (2657 turns).

tidbits the Fighter (White Draconian Necromancer)   Turns: 2657, Time: 00:31:18

Health: -1/84      AC: 10    Str: 19    XL:     9   Next: 42%
Magic:  2/15       EV: 19    Int: 25    God:    Cheibriados [***...]
Gold:   138        SH:  0    Dex: 20    Spells: 0/16 levels left

rFire    . . .     SeeInvis .   c - +3 short sword (venom)
rCold    + . .     Gourm    .   (no shield)
rNeg     . . .     Faith    .   (armour unavailable)
rPois    .         Spirit   .   (helmet restricted)
rElec    .         Reflect  .   C - +0 cloak
rCorr    .         Harm     .   G - +0 pair of gloves
MR       +....                  F - +0 pair of boots
Stlth    ++........             (no amulet)
HPRegen  0.24/turn              g - +2 ring of intelligence
MPRegen  0.14/turn              H - ring of protection from magic

@: very slightly contaminated, very slow
A: breathe frost, unfitting armour, cold resistance 1, cold-blooded, AC +7
a: Breathe Frost, Bend Time, Temporal Distortion, Renounce Religion


You were on level 6 of the Dungeon.
You worshipped Cheibriados.
Cheibriados was most pleased with you.
You were not hungry.

You visited 1 branch of the dungeon, and saw 7 of its levels.

You collected 205 gold pieces.
You spent 67 gold pieces at shops.

Inventory:

Hand Weapons
 a - a +0 scythe
 c - a +3 short sword of venom (weapon)
   (You found it on level 2 of the Dungeon)
 d - a +0 dagger
 h - a +1 trident of holy wrath
   (You took it off an orc on level 5 of the Dungeon)
 q - a +0 hand axe
 r - a +0 whip
 t - a +2 dagger of electrocution
   (You took it off an orc on level 5 of the Dungeon)
 u - a +1 whip of venom
   (You took it off an orc on level 5 of the Dungeon)
 z - a +0 quarterstaff
 A - a +2 flail of crushing
   (You took it off an orc on level 2 of the Dungeon)
 I - a +0 flail of holy wrath
   (You took it off Terence on level 2 of the Dungeon)
Missiles
 k - 63 arrows
Armour
 C - a +0 cloak (worn)
 F - a +0 pair of boots (worn)
 G - a +0 pair of gloves (worn)
Magical Staves
 e - an uncursed staff of energy {!a}
   (You found it on level 4 of the Dungeon)
Jewellery
 g - a +2 ring of intelligence (left hand)
   (You found it on level 1 of the Dungeon)
 s - an uncursed ring of ice
   (You found it on level 2 of the Dungeon)
 v - an uncursed ring of protection from fire
   (You found it on level 5 of the Dungeon)
 x - an uncursed ring of fire
   (You found it on level 5 of the Dungeon)
 H - a ring of protection from magic (right hand)
   (You found it on level 6 of the Dungeon)
Scrolls
 f - a scroll of blinking {unknown}
 i - a scroll of magic mapping
 j - a scroll of amnesia {unknown}
 m - 2 scrolls of remove curse {unknown}
 w - a scroll of immolation {unknown}
 y - a scroll of teleportation {unknown}
Potions
 p - 3 potions of lignification
Books
 B - a book of Necromancy

   Spells                             Type                      Level
   a - Pain                           Necromancy                   1
   b - Animate Skeleton               Necromancy                   1
   c - Vampiric Draining              Necromancy                   3
   d - Regeneration                   Charms/Necromancy            3
   e - Animate Dead                   Necromancy                   4
   f - Control Undead                 Necromancy                   4
Comestibles
 b - 3 bread rations
 l - 2 meat rations
 o - a fruit
 D - 11 chunks of flesh
 E - a royal jelly


   Skills:
 - Level 9.5 Fighting
 - Level 8.3 Dodging
 - Level 1.7 Stealth
 - Level 4.1 Spellcasting
 - Level 6.6 Necromancy
 + Level 7.4 Invocations


You couldn't memorise any spells.
You knew the following spells:

 Your Spells              Type           Power        Failure   Level  Hunger
a - Pain                  Necr           ####         1%          1    None
n - Animate Skeleton      Necr           N/A          1%          1    None
r - Regeneration          Chrm/Necr      ###.......   7%          3    ##.....
u - Control Undead        Necr           #####.....   5%          4    ####...
v - Vampiric Draining     Necr           #####.....   1%          3    ##.....
N - Animate Dead          Necr           N/A          5%          4    ####...


Dungeon Overview and Level Annotations

Branches:
Dungeon (7/15)             Temple (0/1) D:5

Altars:
Cheibriados
Okawaru
Uskayaw
Xom

Shops:
D:7 [


Innate Abilities, Weirdness & Mutations

You can breathe waves of freezing cold.
You can buffet flying creatures when you breathe cold.
Your icy white scales are hard. (AC +7)
You cannot fit into any form of body armour.
Your flesh is cold resistant. (rC+)
You are cold-blooded and may be slowed by cold attacks.


Message History

The freezing wraith is heavily damaged.
The centaur warrior hits you.
* * * LOW HITPOINT WARNING * * *
The centaur completely misses you. The freezing wraith misses you.
The freezing wraith closely misses you.
The centaur warrior completely misses you.
The centaur completely misses you. The freezing wraith barely misses you.
The freezing wraith hits you but does no damage.
Casting: Vampiric Draining
Confirm with . or Enter, or press ? or * to list all spells.
Aiming: Vampiric Draining
Press: ? - help, Shift-Dir - straight line, f/p - centaur warrior
Aim: a centaur warrior (lightly wounded, slow)
The centaur warrior is moderately wounded.
You feel life coursing into your body.
The freezing wraith is no longer moving slowly.
The centaur warrior hits you!
* * * LOW HITPOINT WARNING * * *
The centaur misses you.
The centaur warrior hits you but does no damage.
The freezing wraith completely misses you.
The freezing wraith hits you but does no damage.
Casting: Vampiric Draining
Confirm with . or Enter, or press ? or * to list all spells.
Aiming: Vampiric Draining
Press: ? - help, Shift-Dir - straight line, f/p - centaur warrior
Aim: a centaur warrior (moderately wounded, slow)
The centaur warrior is heavily wounded.
You feel life coursing into your body.
The centaur warrior is no longer moving slowly.
The centaur closely misses you.
The centaur warrior hits you but does no damage.
The freezing wraith completely misses you.
The freezing wraith closely misses you. The centaur misses you.
You hit the freezing wraith.
The freezing wraith convulses.
The freezing wraith is heavily damaged.
You feel yourself speed up.
The centaur warrior wields an uncursed shortbow.
The centaur warrior shoots an arrow.
The arrow hits the centaur!
The freezing wraith misses you. The freezing wraith hits you.
* * * LOW HITPOINT WARNING * * *
The freezing wraith drains your vigour!
You feel yourself slow down. The centaur closely misses you.
The freezing wraith barely misses you. The freezing wraith closely misses you.
The centaur warrior shoots an arrow.
The arrow hits the centaur.
Okay, then.
You barely miss the freezing wraith.
The freezing wraith is heavily damaged.
The centaur warrior shoots an arrow.
The arrow closely misses the centaur.
The arrow hits the freezing wraith!!
The freezing wraith completely misses you.
The freezing wraith hits you.
* * * LOW HITPOINT WARNING * * *
The centaur misses you.
The centaur warrior shoots an arrow.
The arrow hits the centaur!!
The centaur dies!
The freezing wraith completely misses you.
The freezing wraith closely misses you.
You hit the freezing wraith.
You destroy the freezing wraith!
Cheibriados appreciates the change of pace.
The centaur warrior shoots an arrow.
The arrow completely misses you. The jelly barely misses you.
The centaur warrior unwields an uncursed shortbow.
The centaur warrior completely misses you.
The jelly closely misses you.
You hit the centaur warrior but do no damage.
The centaur warrior is heavily wounded.
You flicker for a moment.
The centaur warrior closely misses you. The jelly closely misses you.
The centaur warrior closely misses you. The jelly barely misses you.
The centaur warrior misses you.
Wield which item (- for none, * to show all)? (? for menu, Esc to quit)
Your +1 trident of holy wrath stops glowing.
Your +3 short sword of venom begins to drip with poison!
c - a +3 short sword of venom (weapon)
The centaur warrior hits you.
* * * LOW HITPOINT WARNING * * *
The jelly hits you but does no damage.
As you read the scroll labeled BIMABL JESO, it crumbles to dust.
You feel aware of your surroundings.
You sensed 1 altar.
It was a scroll of magic mapping.
You have got your breath back.
The centaur warrior barely misses you. The jelly misses you.
The centaur warrior hits you but does no damage.
You hit the centaur warrior but do no damage.
The centaur warrior is poisoned.
The centaur warrior is moderately wounded.
The centaur warrior barely misses you. The jelly hits you but does no damage.
The centaur warrior completely misses you.
The jelly barely misses you.
The centaur warrior hits you but does no damage.
You catch the helpless centaur warrior completely off-guard!
You hit the centaur warrior.
The centaur warrior looks as sick as possible!
The centaur warrior is heavily wounded.
You feel yourself speed up.
You flicker back into view.
The centaur warrior barely misses you. The jelly completely misses you.
The centaur warrior hits you.
You die...

,,⌠,*,,,,*c........# #.#
,,,,*,,,,*.........# #.#
#####,,,,'.........##########.#
....#,,,,*.........#..........#
....#,,,,*W........#....#######
....#,,,,*...J.cW..####.#
....#,,,,*....c....# #.#
###'##############(# #.#
........8#......@(.# #.#
.........#......cJ.# #.#
.........#.........# #.#
8........'.........# #.#
#################### #.# *,*
#.##########.# *,*
#............# *.*
#.############ ### ##.* #..#


You could see a centaur warrior and a jelly.

Vanquished Creatures
  A freezing wraith (D:6)
  Grinder (D:5)
  Sigmund (D:4)
  Duvessa (D:7)
  2 orc warriors
  3 sky beasts
  3 ice beasts (D:5)
  An ogre (D:5)
  A centaur (D:7)
  3 bullfrogs (D:6)
  Dowan (D:7)
  2 scorpions
  A centaur zombie (D:6)
  A crimson imp (D:6)
  3 hounds
  Crazy Yiuf (D:2)
  3 orc priests
  A bullfrog skeleton (D:6)
  Terence (D:2)
  Natasha (D:2)
  2 orc wizards
  4 worker ants
  A worker ant zombie (D:5)
  6 adders
  An ooze (D:2)
  An adder zombie (D:6)
  4 leopard geckos
  20 orcs
  4 giant cockroaches
  6 goblins
  8 hobgoblins
  3 jackals (D:5)
  4 kobolds
  A quokka (D:7)
  A ball python (D:5)
  4 bats
  3 frilled lizards
  A leopard gecko skeleton (D:7)
  A leopard gecko zombie (D:6)
  2 rats
109 creatures vanquished.

Vanquished Creatures (collateral kills)
  An adder skeleton (D:5)
1 creature vanquished.

Vanquished Creatures (others)
  A centaur (D:6)
1 creature vanquished.

Grand Total: 111 creatures vanquished

Notes
Turn   | Place    | Note
-------+----------+-------------------------------------------
     0 | D:1      | tidbits the Draconian Necromancer began the quest for the Orb.
     0 | D:1      | Reached XP level 1. HP: 14/14 MP: 3/3
   259 | D:1      | Reached XP level 2. HP: 20/20 MP: 3/5
   262 | D:1      | Learned a level 1 spell: Animate Skeleton
   400 | D:1      | Reached XP level 3. HP: 6/26 MP: 0/6
   439 | D:1      | Learned a level 3 spell: Vampiric Draining
   615 | D:2      | Noticed Natasha
   847 | D:3      | Reached skill level 5 in Necromancy
   918 | D:3      | Reached XP level 4. HP: 27/33 MP: 6/8
   925 | D:3      | Learned a level 3 spell: Regeneration
   936 | D:3      | Reached skill level 3 in Spellcasting
  1021 | D:2      | Found a runed door.
  1025 | D:2      | Noticed Crazy Yiuf
  1029 | D:2      | Killed Crazy Yiuf
  1059 | D:2      | Found a snail-covered altar of Cheibriados.
  1069 | D:2      | Became a worshipper of Cheibriados the Contemplative
  1078 | D:2      | Killed Natasha
  1078 | D:2      | Reached XP level 5. HP: 36/38 MP: 4/10
  1098 | D:2      | Noticed Terence
  1105 | D:2      | Killed Terence
  1205 | D:3      | Reached skill level 6 in Necromancy
  1303 | D:4      | Noticed Sigmund
  1312 | D:4      | Killed Sigmund
  1312 | D:4      | Reached skill level 4 in Spellcasting
  1312 | D:4      | Reached XP level 6. HP: 27/45 MP: 3/12
  1315 | D:4      | Noticed an orc warrior
  1360 | D:4      | Reached skill level 9 in Fighting
  1360 | D:4      | Reached skill level 8 in Dodging
  1360 | D:4      | Your scales start taking on an icy white colour.
  1360 | D:4      | Reached XP level 7. HP: 70/70 MP: 6/13
  1360 | D:4      | Gained mutation: Your flesh is cold resistant. (rC+) [White Draconian growth]
  1366 | D:4      | Learned a level 4 spell: Animate Dead
  1408 | D:5      | Entered Level 5 of the Dungeon
  1414 | D:5      | Reached * piety under Cheibriados
  1428 | D:5      | Noticed Grinder
  1433 | D:5      | Reached skill level 1 in Invocations
  1483 | D:5      | Found a staircase to the Ecumenical Temple.
  1519 | D:5      | Reached skill level 2 in Invocations
  1527 | D:5      | Killed Grinder
  1527 | D:5      | Reached skill level 3 in Invocations
  1527 | D:5      | Reached XP level 8. HP: 78/78 MP: 8/14
  1583 | D:5      | Reached skill level 4 in Invocations
  1631 | D:5      | Reached ** piety under Cheibriados
  1691 | D:4      | Found a shimmering altar of Xom.
  1693 | D:4      | Found an iron altar of Okawaru.
  1894 | D:5      | Reached skill level 5 in Invocations
  1938 | D:6      | Found a shimmering altar of Xom.
  2067 | D:7      | Noticed Duvessa
  2067 | D:7      | Noticed Dowan
  2078 | D:7      | Killed Duvessa
  2090 | D:7      | Killed Dowan
  2090 | D:7      | Reached XP level 9. HP: 43/84 MP: 1/15
  2095 | D:7      | Reached skill level 6 in Invocations
  2104 | D:7      | Learned a level 4 spell: Control Undead
  2500 | D:7      | Found Bapomupt's Armour Shoppe.
  2512 | D:7      | Reached *** piety under Cheibriados
  2524 | D:7      | Found a hide-covered altar of Uskayaw.
  2526 | D:7      | Bought a +0 pair of boots for 67 gold pieces
  2596 | D:6      | Reached skill level 7 in Invocations
  2615 | D:6      | Noticed a centaur warrior
  2615 | D:6      | Noticed a freezing wraith
  2651 | D:6      | HP: 8/84 [freezing wraith (6)]
  2652 | D:6      | Killed a freezing wraith
  2654 | D:6      | HP: 3/84 [centaur warrior (6)]
  2657 | D:6      | Slain by a centaur warrior

Vault maps used:
D:1:      minmay_arrival_radiant_lines
D:2:      old_standard_altar, first_bread, uniq_natasha, uniq_terence,
          uniq_crazy_yiuf_cottage
D:3:      vehumet_crystals, hex_tiny
D:4:      wad_river_or_something, brannock_xom_greatest_gift,
          okawaru_metal_pillars_3, minmay_misc_feat_more_columns, uniq_sigmund
D:5:      minmay_temple_entry_junction_2, uniq_grinder
D:6:      minmay_klotski, overflow_temple_1_default, basic_altar
D:7:      kb_forest_paths, serial_shops, shop, basic_altar, grunt_livestock,
          nicolae_ashenzari_panopticon, uniq_duvessa

Skill      XL: |  1  2  3  4  5  6  7  8  9 |
---------------+----------------------------+-----
Necromancy     | 5 6 |  6.6
Spellcasting   | 3 4 |  4.1
Fighting       | 9 |  9.5
Dodging        | 8 |  8.3
Invocations    | 3 5 7 |  7.4
Stealth        | |  1.7

Action                   |  1- 3 |  4- 6 |  7- 9 || total
-------------------------+-------+-------+-------++-------
Melee: Unarmed           |     4 |       |    16 ||    20
       Whip              |     1 |       |       ||     1
       Short sword       |    24 |    46 |    67 ||   137
       Tailslap          |       |     5 |    18 ||    23
       Trident           |       |       |    34 ||    34
       Scythe            |       |       |     9 ||     9
 Cast: Pain              |    37 |    26 |    76 ||   139
       Animate Skeleton  |     4 |     4 |    15 ||    23
       Vampiric Draining |     3 |     2 |    12 ||    17
       Regeneration      |       |     3 |     3 ||     6
       Control Undead    |       |       |     1 ||     1
Invok: Bend Time         |       |       |     2 ||     2
 Abil: Breathe Frost     |       |       |     7 ||     7
  Use: Potion            |     1 |     1 |     2 ||     4
       Scroll            |       |     3 |     1 ||     4
 Stab: Sleeping          |     1 |       |     3 ||     4
       Invisible         |       |       |     1 ||     1
  Eat: Chunk             |     1 |     3 |     4 ||     8
Armor: Skin              |    13 |    11 |    54 ||    78
Dodge: Dodged            |    16 |    24 |   205 ||   245

Table legend:
 A = Spawn XP
 B = Non-spawn XP
 C = Spawn XP percentage of total XP
 D = Spawn monster count
 E = Non-spawn monster count
 F = Spawn count percentage of total count
 G = Total turns spent on level
                    A         B        C        D         E        F      G
               +---------+---------+-------+---------+---------+-------+---------
         Total |       0 |    3465 |   0.0 |       0 |     109 |   0.0 |  2657
               +---------+---------+-------+---------+---------+-------+---------
           D:1 |       0 |      57 |   0.0 |       0 |      13 |   0.0 |   610
           D:2 |       0 |     149 |   0.0 |       0 |      18 |   0.0 |   354
           D:3 |       0 |      93 |   0.0 |       0 |      16 |   0.0 |   311
           D:4 |       0 |     560 |   0.0 |       0 |       9 |   0.0 |   312
           D:5 |       0 |    1125 |   0.0 |       0 |      27 |   0.0 |   432
           D:6 |       0 |     979 |   0.0 |       0 |      18 |   0.0 |   516
           D:7 |       0 |     502 |   0.0 |       0 |       8 |   0.0 |   122
               +---------+---------+-------+---------+---------+-------+---------

Table legend:
 A = Turns spent in this place as a percentage of turns spent in the entire game.
 B = Non-inter-level travel turns spent in this place as a percentage of non-inter-level travel turns spent in the entire game.
 C = Inter-level travel turns spent in this place as a percentage of turns spent in this place.
 D = Turns resting spent in this place as a percentage of non-inter-level travel turns spent in this place.
 E = Turns spent auto-exploring this place as a percentage of non-inter-level travel turns spent in this place.
 F = Non-inter-level travel turns spent in this place divided by the number of levels of this place that you've seen.
                   A       B       C       D       E      F
               +-------+-------+-------+-------+-------+----------------------
         Total | 100.0 | 100.0 |   1.6 |   0.0 |   0.8 | 373.6
       Dungeon | 100.0 | 100.0 |   1.6 |   0.0 |   0.8 | 373.6
               +-------+-------+-------+-------+-------+----------------------

Table legend:
 A = Kills in this place as a percentage of kills in entire the game.
 B = Kills by you in this place as a percentage of kills by you in the entire game.
 C = Kills by friends in this place as a percentage of kills by friends in the entire game.
 D = Other kills in this place as a percentage of other kills in the entire game.
 E = Experience gained in this place as a percentage of experience gained in the entire game.
 F = Experience gained in this place divided by the number of levels of this place that you have seen.
                   A       B       C       D       E      F
               +-------+-------+-------+-------+-------+----------------------
         Total | 100.0 | 100.0 | 100.0 |   N/A | 100.0 | 495.0
       Dungeon | 100.0 | 100.0 | 100.0 |   N/A | 100.0 | 495.0
               +-------+-------+-------+-------+-------+----------------------

Vault maps used:
D:1:      minmay_arrival_radiant_lines
D:2:      old_standard_altar, first_bread, uniq_natasha, uniq_terence,
          uniq_crazy_yiuf_cottage
D:3:      vehumet_crystals, hex_tiny
D:4:      wad_river_or_something, brannock_xom_greatest_gift,
          okawaru_metal_pillars_3, minmay_misc_feat_more_columns, uniq_sigmund
D:5:      minmay_temple_entry_junction_2, uniq_grinder
D:6:      minmay_klotski, overflow_temple_1_default, basic_altar
D:7:      kb_forest_paths, serial_shops, shop, basic_altar, grunt_livestock,
          nicolae_ashenzari_panopticon, uniq_duvessa
